 Dungeon Crawl Stone Soup version 0.13-a0-2538-gc238810 (webtiles) character file.

271 JacquesDerrida the Magician (level 4, -5/33 HPs)
             Began as a Demigod Air Elementalist on July 29, 2013.
             Killed by divine providence
             ... invoked by an orc priest
              (15 damage)
             ... on Level 3 of the Dungeon.
             The game lasted 00:05:25 (2084 turns).

JacquesDerrida the Magician (DgAE)                  Turns: 2084, Time: 00:05:25

HP  -5/33        AC  2     Str 11      XL: 4   Next: 45%
MP   3/13        EV 12     Int 20      God:
Gold 153         SH  0     Dex 18      Spells:  4 memorised,  2 levels left

Res.Fire  : . . .   See Invis. : .   e - +0 whip
Res.Cold  : + . .   Warding    : .   w - +0 elf robe {rC+}
Life Prot.: . . .   Conserve   : .   (no shield)
Res.Poison: .       Res.Corr.  : .   (no helmet)
Res.Elec. : .       Clarity    : .   (no cloak)
Sust.Abil.: . .     Spirit.Shd : .   (no gloves)
Res.Mut.  : .       Stasis     : +   (no boots)
Res.Rott. : .       Flight     : .   r - amulet of stasis {unknown}
Saprovore : . . .                    (no ring)
                                     (no ring)

@: slightly resistant to hostile enchantments, fairly stealthy
A: no striking features
a: no special abilities


You were on level 3 of the Dungeon.
You were not hungry.

You visited 1 branch of the dungeon, and saw 3 of its levels.

You collected 133 gold pieces.

Inventory:

Hand weapons
 e - a +0,+0 whip (weapon)
Missiles
 p - 2 darts of flame (quivered)
Armour
 a - a +0 robe
 n - a +0 orcish leather armour
 w - a +0 elven robe of cold resistance (worn)
Comestibles
 c - 2 bread rations
 t - a meat ration
 C - an apple
 D - a chunk of worm flesh
Scrolls
 d - a scroll of blinking {unknown}
 f - a scroll of amnesia
 g - a scroll of remove curse {unknown}
 h - a scroll of noise
 i - 2 scrolls of teleportation {unknown}
 l - a scroll of enchant armour {unknown}
 o - a scroll of recharging {unknown}
 x - a scroll of enchant weapon II {unknown}
 y - a scroll of identify {unknown}
Jewellery
 r - an amulet of stasis (around neck) {unknown}
Potions
 j - 2 potions of curing {unknown}
 k - a potion of restore abilities {unknown}
 m - 2 potions of heal wounds {unknown}
 q - 2 potions of cure mutation {unknown}
 s - 2 potions of speed {unknown}
 v - a potion of slowing {unknown}
 z - 2 potions of flight {unknown}
 A - a potion of agility {unknown}
 B - a potion of brilliance {unknown}
Books
 b - a book of Air

   Spells                             Type                      Level
   *Shock                             Conjuration/Air              1
   *Swiftness                         Charms/Air                   2
   *Repel Missiles                    Charms/Air                   2
   Flight                             Charms/Air                   3
   Static Discharge                   Conjuration/Air              3
   Lightning Bolt                     Conjuration/Air              5
 u - a book of Callings

   Spells                             Type                      Level
   Summon Small Mammal                Summoning                    1
   *Call Imp                          Summoning                    2
   Call Canine Familiar               Summoning                    3
   Summon Scorpions                   Summoning/Poison             4
   Summon Ice Beast                   Ice/Summoning                4


   Skills:
 - Level 1.7 Dodging
 - Level 1.7 Stealth
 * Level 3.1 Spellcasting
 + Level 2.4 Conjurations
 - Level 2.6 Air Magic


You had 2 spell levels left.
You knew the following spells:

 Your Spells              Type           Power        Failure   Level  Hunger
a - Shock                 Conj/Air       ##..         6%          1    None
b - Repel Missiles        Chrm/Air       #.........   14%         2    ##.....
c - Swiftness             Chrm/Air       #.........   14%         2    ##.....
d - Call Imp              Summ           #.........   24%         2    ##.....


Dungeon Overview and Level Annotations

Branches:
Dungeon (3/27)


Message History

Aiming: Shock
Press: ? - help, Shift-Dir - straight line, f/p - orc priest
Aim: an orc priest, wielding an orcish falchion (severely wounded)
The zap hits the orc.
The orc is moderately wounded.
The zap hits the orc priest.
The orc priest is almost dead.
The orc priest invokes the aid of Beogh against you.
Something smites you!
Casting: Shock
Confirm with . or Enter, or press ? or * to list all spells.
Aiming: Shock
Press: ? - help, Shift-Dir - straight line, f/p - orc priest
Aim: an orc priest, wielding an orcish falchion (almost dead)
The zap hits the orc.
The orc is almost dead.
The zap misses the orc priest.
The orc priest mumbles some strange prayers to Beogh against you.
Something smites you!
You die...

#.##.# #.##<# #.##.#
#.##.# ####.##.#####....
.................
........##.##....
.....##.##.###############
....#...........@o..o.....
#..#.....#.###.####.....>.
.###....##.# #.# ..... .
##...##.###.####......
..#...................
....#....###.####.## #
...#.##.# #.# ........#
#.# #.#.##.# #..


You could see an orc priest and an orc.

Vanquished Creatures
  6 adders (D:2)
  A giant mite (D:1)
  A worm (D:3)
  A giant gecko (D:2)
  An ooze (D:1)
  An orc (D:3)
  8 bats
  4 giant cockroaches
  2 goblins
  6 hobgoblins
  4 jackals (D:1)
  4 kobolds
  A ball python (D:2)
  4 giant newts
  6 rats
50 creatures vanquished.

Notes
Turn   | Place    | Note
--------------------------------------------------------------
     0 | D:1      | JacquesDerrida, the Demigod Air Elementalist, began the quest for the Orb.
     0 | D:1      | Reached XP level 1. HP: 14/14 MP: 5/5
   239 | D:1      | Reached skill level 1 in Conjurations
   349 | D:1      | Reached XP level 2. HP: 20/20 MP: 1/6
   819 | D:2      | Reached XP level 3. HP: 20/26 MP: 7/9
   935 | D:2      | Learned a level 2 spell: Repel Missiles
   938 | D:2      | Learned a level 2 spell: Swiftness
  1406 | D:2      | Learned a level 2 spell: Call Imp
  1495 | D:2      | Reached skill level 3 in Spellcasting
  1495 | D:2      | Reached XP level 4. HP: 33/33 MP: 9/13
  2084 | D:3      | Killed from afar by an orc priest

Action                   |  1- 3 |  4- 6 || total
-------------------------+-------+-------++-------
Melee: Whip              |    45 |       ||    45
 Cast: Shock             |    80 |    41 ||   121
  Use: Scroll            |     2 |       ||     2
